 Dungeon Crawl Stone Soup version 0.31-a0-7-g51783674b7 (webtiles) character file.

Game seed: 9323502500599788366

17 Pimp the Trooper (level 2, 0/24 HPs)
             Began as a Demonspawn Fighter on May 5, 2023.
             Slain by a worm (8 damage)
             ... on level 2 of the Dungeon.
             The game lasted 00:01:20 (832 turns).

Pimp the Trooper (Demonspawn Fighter)                Turns: 832, Time: 00:01:20

Health: 0/24       AC:  6    Str: 16    XL:     2   Next: 44%
Magic:  2/2        EV:  8    Int:  9    God:
Gold:   51         SH:  4    Dex: 12    Spells: 1/1 levels left

rFire   . . .        a - +0 war axe
rCold   . . .        c - +0 buckler
rNeg    . . .        b - +0 scale mail
rPois   .            (no helmet)
rElec   .            (no cloak)
rCorr   .            (no gloves)
SInv    .            (no boots)
Will    .....        (no amulet) Stlth
                     (no ring)
HPRegen 0.24/turn    (no ring)
MPRegen 0.08/turn

%: no passive effects
@: no status effects
A: claws 1
a: no special abilities


You were on level 2 of the Dungeon.
You visited 1 branch of the dungeon, and saw 2 of its levels.

You collected 51 gold pieces.

Inventory:

Hand Weapons
 a - a +0 war axe (weapon)
Armour
 b - a +0 scale mail (worn)
 c - a +0 buckler (worn)
Jewellery
 g - a +6 ring of strength
Scrolls
 e - a scroll of brand weapon {unknown}
 f - a scroll of amnesia {unknown}
 i - a scroll of teleportation {unknown}
Potions
 d - a potion of might
 h - a potion of resistance {unknown}


   Skills:
 + Level 3.2 Fighting
 + Level 2.1 Axes
 + Level 2.9 Armour
 + Level 2.9 Shields


You had one spell level left.
You didn't know any spells.
Your spell library was empty.

Dungeon Overview and Level Annotations

Branches:
Dungeon (2/15)

Altars:


Innate Abilities, Weirdness & Mutations

You have sharp fingernails.


Message History

The ball python bites you but does no damage.
The ball python constricts you.
The hobgoblin hits you but does no damage.
You barely miss the ball python. You hit the hobgoblin.
The ball python barely misses you. The ball python constricts you.
The hobgoblin hits you but does no damage.
The ball python completely misses you. The ball python constricts you.
You slash the ball python!
You kill the ball python!
You hit the hobgoblin.
You kill the hobgoblin!
HP restored.
i - a scroll labelled ODDAONL REOS A worm comes into view.
A worm is nearby!
A worm is nearby!
Found 10 gold pieces.
The worm bites you.
You hit the worm.
The worm is lightly wounded.
The worm bites you.
You barely miss the worm. The worm barely misses you.
You hit the worm.
The worm is lightly wounded.
The worm bites you.
You slash the worm!
The worm is severely wounded.
The worm barely misses you.
You barely miss the worm.
The worm is heavily wounded.
You hit the worm.
The worm is severely wounded.
You block the worm's attack.
You hit the worm but do no damage.
The worm is heavily wounded.
The worm bites you.
You barely miss the worm.
The worm is heavily wounded.
The worm bites you!
You die...

#. #. #. #.
#. #.####
#w...####
#.@.....###
#$........##
#..........##
#.###.####..#
#. #...##..##
#. #....#...#
#. #....#...#
#.
#........##
######.†..#


You could see a worm.

Vanquished Creatures
  4 ball pythons
  A bat (D:1)
  2 endoplasms (D:1)
  A hobgoblin (D:2)
  A quokka (D:2)
  4 frilled lizards
  2 kobolds
  3 rats
18 creatures vanquished.

Notes
Turn   | Place    | Note
-------+----------+-------------------------------------------
     0 | D:1      | Pimp the Demonspawn Fighter began the quest for the Orb.
     0 | D:1      | Reached XP level 1. HP: 18/18 MP: 1/1
   391 | D:1      | Gained mutation: You have sharp fingernails. [demonic
                  | ancestry]
   391 | D:1      | Reached XP level 2. HP: 19/24 MP: 2/2
   832 | D:2      | Slain by a worm

Illustrated notes

Levels and vault maps discovered:
D:1:      nzn_arrival_water_spiral, layout_loops_ring,
          chequers_serial_rivers_micro_d
D:2:      minmay_recursive_quarters, layout_basic,
          dreamdust_ecumenical_altar_angels_and_demons, uniq_sigmund,
          uniq_jessica

Skill      XL: |  1 |
---------------+----+-----
Axes           | 2 |  2.1
Fighting       | |  3.2
Armour         | |  2.9
Shields        | |  2.9

Action                     || total
---------------------------++-------
  Melee: War axe           ||    53
 Armour: Scale mail        ||    32
  Dodge: Dodged            ||    21
  Block: Buckler           ||     7

Table legend: (Time is in decaauts)
 A = Elapsed time spent in this place.
 B = Non-inter-level travel time spent in this place.
 C = Inter-level travel time spent in this place.
 D = Time resting spent in this place.
 E = Time spent auto-exploring this place.
 F = Levels seen in this place.
 G = Mean time per level.
                   A        B        C        D        E       F      G
               +--------+--------+--------+--------+--------+-----+--------+
         Total |    859 |    842 |     17 |      0 |    692 |   2 |  429.5 |
       Dungeon |    859 |    842 |     17 |      0 |    692 |   2 |  429.5 |
               +--------+--------+--------+--------+--------+-----+--------+

Top non-repeatable levels by time:
     D:1: 770 daAuts
     D:2: 89 daAuts
